 Dungeon Crawl Stone Soup version 0.31-a0-232-gb1c03b2570 (webtiles) character file.

Game seed: 16374352921505906595

163 qw the Shooter (level 5, -3/31 HPs)
             Began as a Gargoyle Hexslinger on July 7, 2023.
             Slain by a gnoll
             ... wielding a +0 spear
              (6 damage)
             ... on level 3 of the Dungeon.
             The game lasted 00:00:45 (1424 turns).

qw the Shooter (Gargoyle Hexslinger)                Turns: 1424, Time: 00:00:46

Health: -3/31      AC:  6    Str: 11    XL:     5   Next: 44%
Magic:  6/6        EV: 12    Int: 14    God:
Gold:   91         SH:  0    Dex: 14    Spells: 5/6 levels left

rFire   . . .        Y - +1 sling
rCold   . . .        (no shield)
rNeg    + . .        c - +0 robe
rPois   inf          (no helmet)
rElec   +            (no cloak)
rCorr   .            (no gloves)
SInv    .            (no boots)
Will    .....        (no amulet)
Stlth   +            (no ring)
HPRegen 0.25/turn    (no ring)
MPRegen 0.10/turn

%: no passive effects
@: no status effects
A: sickness immunity, AC +4, negative energy resistance 1, electricity
resistance, torment resistance 1, petrification resistance
a: no special abilities


You were on level 3 of the Dungeon.
You visited 1 branch of the dungeon, and saw 3 of its levels.

You collected 91 gold pieces.


Innate Abilities, Weirdness & Mutations

You are immune to sickness and miasma.
Your stone body is resilient. (AC +4)
You are immune to poison.
You resist negative energy. (rN+)
You are resistant to electric shocks. (rElec)
You are resistant to unholy torment.
You are immune to petrification.


   Skills:
 + Level 2.4 Fighting
 - Level 5.0 Ranged Weapons
 - Level 1.5 Dodging
 - Level 1.0 Spellcasting
 - Level 2.6 Hexes


You had 5 spell levels left.
You knew the following spells:

 Your Spells              Type           Power      Damage    Failure   Level
a - Slow                  Hex            32%        N/A       9%          1

Your spell library contained the following spells:

 Spells                   Type           Power      Damage    Failure   Level
 Inner Flame              Hex/Fire       4%         N/A       41%         3
 Portal Projectile        Hex/Tloc       8%         N/A       41%         3
 Cause Fear               Hex            4%         N/A       65%         4

Inventory:

Hand Weapons
 Y - a +1 sling (weapon)
Armour
 c - a +0 robe (worn)
 i - a +0 leather armour
Jewellery
 d - a ring of protection from cold
Scrolls
 g - 2 scrolls of summoning {unknown}
Potions
 a - a potion of might {unknown}
 b - a potion of cancellation {unknown}
 e - a potion of curing {unknown}
 f - a potion of lignification {unknown}
 h - a potion of enlightenment {unknown}

Dungeon Overview and Level Annotations

Branches:
Dungeon (3/15)

Altars:


Message History

You shoot a sling bullet. The sling bullet hits the gnoll.
The gnoll is almost dead.
The gnoll hits you with a +0 flail. The gnoll hits you with a +0 whip.
You shoot a sling bullet. The sling bullet hits the gnoll.
You kill the gnoll!
You shoot a sling bullet.
The sling bullet closely misses the gnoll.
The sling bullet hits the gnoll!
The gnoll is heavily wounded.
You shoot a sling bullet.
The sling bullet barely misses the gnoll.
The sling bullet hits the gnoll.
The gnoll is heavily wounded.
The gnoll hits you but does no damage.
You shoot a sling bullet.
The sling bullet hits the gnoll but does no damage.
The gnoll is moderately wounded.
You shoot a sling bullet.
The sling bullet hits the gnoll but does no damage.
The gnoll is moderately wounded.
The gnoll closely misses you.
The gnoll hits you from afar with a +0 spear.
The gnoll hits you with a +0 club.
You shoot a sling bullet.
The sling bullet completely misses the gnoll.
The gnoll hits you with a +0 club. The gnoll barely misses you. x2
You shoot a sling bullet. The sling bullet hits the gnoll.
The gnoll is severely wounded.
The gnoll hits you with a +0 club. The gnoll barely misses you.
The gnoll hits you from afar with a +0 spear!
You shoot a sling bullet.
The sling bullet hits the gnoll but does no damage.
The gnoll is severely wounded.
The gnoll hits you with a +0 club. The gnoll barely misses you.
The gnoll closely misses you.
You shoot a sling bullet. The sling bullet hits the gnoll.
The gnoll is severely wounded.
The gnoll hits you with a +0 club.
The gnoll hits you from afar with a +0 spear.
You die...

... ..$.. ...## #.. ....
..... #.. ... .... #..
... ... ...###.. #g# #.#
#..##.. #g# #.# ###..#..
#######.#####.# #....#..
......g@g..##.###.#...##
########...##.......#...
#...##.....#####.
#..........# #
#.%........#
#.......)######
#.............#
###...........#
#...........#


You could see 3 gnolls and a hobgoblin.

Vanquished Creatures
  A hound (D:2)
  2 orc wizards (D:3)
  An adder (D:3)
  A gnoll (D:3)
  2 dart slugs (D:1)
  2 orcs (D:3)
  5 bats
  8 endoplasms
  5 goblins
  7 hobgoblins
  A quokka (D:1)
  9 ball pythons
  2 frilled lizards
  6 kobolds
  5 rats
57 creatures vanquished.

Notes
Turn   | Place    | Note
-------+----------+-------------------------------------------
     0 | D:1      | qw the Gargoyle Hexslinger began the quest for the Orb.
     0 | D:1      | Reached XP level 1. HP: 12/12 MP: 2/2
     0 | D:1      | 0 ||| qw: Version: 0.3-a-46-gb1f654a
     0 | D:1      | 0 ||| qw: Game counter: 2862
     0 | D:1      | 0 ||| qw: Melee chars always use a shield: true
     0 | D:1      | 0 ||| qw: God list: Okawaru
     0 | D:1      | 0 ||| qw: Allow faded altars: false
     0 | D:1      | 0 ||| qw: Do Orc after clearing Dungeon:15 true
     0 | D:1      | 0 ||| qw: Do second Lair branch before Depths: true
     0 | D:1      | 0 ||| qw: Lair rune preference: random
     0 | D:1      | 0 ||| qw: Goals: Normal
     0 | D:1      | 0 ||| PLANNING D:1-11
    58 | D:1      | Reached XP level 2. HP: 14/16 MP: 3/3
   110 | D:1      | Reached skill level 3 in Ranged Weapons
   212 | D:1      | Found a faded altar of an unknown god.
   346 | D:1      | Reached XP level 3. HP: 21/21 MP: 4/4
   493 | D:1      | 493 ||| READING scroll labelled MACWYF XENEAX.
   494 | D:1      | 494 ||| DROPPING scroll of poison.
   518 | D:2      | Identified the +5 dagger "Orb Guardian's Regret" {freeze,
                  | Fly rCorr Int-2 Dex+5}
  1082 | D:2      | Reached skill level 4 in Ranged Weapons
  1082 | D:2      | Reached XP level 4. HP: 26/26 MP: 5/5
  1114 | D:2      | 1114 ||| READING scroll labelled TEUBAMN ADYMO.
  1217 | D:3      | 1217 ||| FLEEEEING.
  1218 | D:3      | 1218 ||| FLEEEEING.
  1220 | D:3      | 1220 ||| FLEEEEING.
  1221 | D:3      | 1221 ||| FLEEEEING.
  1222 | D:3      | 1222 ||| FLEEEEING.
  1223 | D:3      | 1223 ||| FLEEEEING.
  1224 | D:3      | 1224 ||| FLEEEEING.
  1225 | D:3      | 1225 ||| FLEEEEING.
  1226 | D:3      | 1226 ||| FLEEEEING.
  1227 | D:3      | 1227 ||| FLEEEEING.
  1228 | D:3      | 1228 ||| FLEEEEING.
  1229 | D:3      | 1229 ||| FLEEEEING.
  1230 | D:3      | 1230 ||| FLEEEEING.
  1294 | D:3      | Reached XP level 5. HP: 30/30 MP: 6/6
  1371 | D:3      | Reached skill level 5 in Ranged Weapons
  1378 | D:3      | 1378 ||| FLEEEEING.
  1422 | D:3      | HP: 7/31 [gnoll/+0 spear (7)]
  1424 | D:3      | HP: 3/31 [gnoll/+0 club (4)]
  1424 | D:3      | Slain by a gnoll

Levels and vault maps discovered:
D:1:      grunt_arrival_crossed_arrows, layout_rooms,
          ebering_ecumenical_altar_webs
D:2:      layout_loops_ring, kennysheep_generic_room_3
D:3:      layout_basic

Skill      XL: |  1  2  3  4  5 |
---------------+----------------+-----
Ranged Weapons | 3 4 5 |  5.0
Fighting       | 2 |  2.4
Dodging        | |  1.5
Spellcasting   | |  1.0
Hexes          | |  2.6

Action                     |  1- 3 |  4- 6 || total
---------------------------+-------+-------++-------
   Fire: Sling             |   113 |    88 ||   201
    Use: Scroll            |     1 |     1 ||     2
 Armour: Robe              |    17 |    17 ||    34
  Dodge: Dodged            |    28 |    35 ||    63

Table legend:
 A = Non-vault XP
 B = Vault XP
 C = Vault XP percentage of total XP
 D = Non-vault monster count
 E = Vault monster count
 F = Vault count percentage of total count
                 A         B        C        D         E       F
            +---------+---------+-------+---------+---------+-------
      Total |     232 |       1 |   0.4 |      56 |       1 |   1.8
            +---------+---------+-------+---------+---------+-------
        D:1 |      38 |       0 |   0.0 |      21 |       0 |   0.0
        D:2 |      74 |       1 |   1.3 |      19 |       1 |   5.0
        D:3 |     120 |       0 |   0.0 |      16 |       0 |   0.0
            +---------+---------+-------+---------+---------+-------
